 Dungeon Crawl Stone Soup version 0.27.0-1-g7a089689b8 (webtiles) character file.

Game seed: 11440464009904478128

14012 Strat the Cleaver (level 11, -4/106 HPs)
             Began as a Deep Dwarf Fighter on Aug 7, 2021.
             Was a Priest of Makhleb.
             Succumbed to a cane toad's poison
             ... on level 1 of the Lair of Beasts.
             The game lasted 00:24:28 (4880 turns).

Strat the Cleaver (Deep Dwarf Fighter)              Turns: 4880, Time: 00:24:29

Health: -4/106     AC: 15    Str: 29    XL:     11   Next: 83%
Magic:  2/2        EV:  9    Int:  9    God:    Makhleb [***...]
Gold:   486        SH:  6    Dex: 18    Spells: 10/10 levels left

rFire    . . .     SeeInvis .   a - +2 broad axe (elec)
rCold    . . .     Faith    .   l - +0 buckler
rNeg     . . .     Spirit   .   I - +0 chain mail
rPois    .         Reflect  .   t - +0 helmet
rElec    .         Harm     .   B - +0 cloak
rCorr    .         Rampage  .   x - +0 pair of gloves
Will     +....                  (no boots)
Stlth    ..........             (no amulet)
HPRegen  0.00/turn              q - +6 ring of dexterity
MPRegen  0.08/turn              w - +6 ring of strength

@: lethally poisoned (-4 -> -31)
A: damage resistance, heal wounds, sense surroundings 2, no regeneration
a: Heal Wounds, Renounce Religion, Minor Destruction, Lesser Servant of Makhleb


You were on level 1 of the Lair of Beasts.
You worshipped Makhleb.
Makhleb was most pleased with you.
You visited 3 branches of the dungeon, and saw 12 of its levels.

You collected 486 gold pieces.

Inventory:

Hand Weapons
 a - a +2 broad axe of electrocution (weapon)
 b - a +1 hunting sling of flaming
 f - a +0 morningstar of holy wrath
 m - a +0 war axe
 n - a +0 hunting sling
 u - a +0 war axe
Missiles
 h - 199 stones
 k - 28 poisoned darts (quivered)
 y - 6 throwing nets
 A - 68 sling bullets
Armour
 c - a +0 kite shield
 l - a +0 buckler (worn)
 s - a +0 scale mail
 t - a +0 helmet (worn)
 x - a +0 pair of gloves (worn)
 B - a +0 cloak (worn)
 I - a +0 chain mail (worn)
Jewellery
 i - a ring of fire
 q - a +6 ring of dexterity (left hand)
 w - a +6 ring of strength (right hand)
 z - a ring of poison resistance
 D - a +6 ring of dexterity
Wands
 v - a wand of iceblast (16)
 H - a wand of mindburst (8)
Scrolls
 e - 2 scrolls of teleportation
Potions
 d - a potion of might
 g - a potion of magic {unknown}
 j - 2 potions of curing
 o - 2 potions of ambrosia
 p - 2 potions of cancellation
 r - a potion of lignification
 C - a potion of flight
 E - a potion of experience {unknown}
 F - a potion of haste {unknown}
 G - a potion of resistance


   Skills:
 + Level 9.4 Fighting
 * Level 14.6 Axes
 - Level 10.0 Armour
 - Level 5.0 Shields


You had 10 spell levels left.
You didn't know any spells.
Your spell library contained the following spells:

 Spells                   Type           Power      Damage    Failure   Level
 Dazzling Flash           Conj/Hex       0%         N/A       99%         3
 Stone Arrow              Conj/Erth      0%         3d7       99%         3
 Agony                    Necr           0%         N/A       100%        5
 Bolt of Magma            Conj/Fire/Erth 0%         4d4       100%        5
 Silence                  Hex/Air        0%         N/A       100%        5
 Shatter                  Erth           0%         3d5*      100%        9


Dungeon Overview and Level Annotations

Branches:
Dungeon (10/15)            Temple (1/1) D:7            Lair (1/6) D:10
    Orc: D:9-12

Altars:
Dithmenos
Makhleb
Nemelex Xobeh
Sif Muna
Trog
Vehumet
The Shining One

Shops:
D:8 (


Innate Abilities, Weirdness & Mutations

You are resistant to damage.
You can heal yourself by infusing magical energy.
You passively map the area around you.
You do not regenerate.


Message History

The cane toad is heavily wounded.
You hear a bellow! x2
The cane toad stings you but does no damage.
You hit the cane toad but do no damage.
The cane toad is heavily wounded.
The cane toad stings you but does no damage.
You barely miss the cane toad.
The cane toad is heavily wounded.
The cane toad stings you.
* * * LOW HITPOINT WARNING * * *
You are poisoned.
The cane toad poisons you!
You hit the cane toad but do no damage.
The cane toad is heavily wounded.
You hit the cane toad. You block the cane toad's attack.
The cane toad closely misses you.
You hit the cane toad.
The cane toad is heavily wounded.
You slash the cane toad!
Lightning courses through the cane toad!
The cane toad stings you but does no damage. x2
Unknown command.
You hit the cane toad.
The cane toad is heavily wounded.
You hit the cane toad but do no damage.
Lightning courses through the cane toad!
A blink frog comes into view.
The cane toad stings you!
* * * LOW HITPOINT WARNING * * *
You are more poisoned.
The cane toad poisons you! The cane toad stings you!
* * * LOW HITPOINT WARNING * * *
You are lethally poisoned!
The cane toad poisons you!
* * * LOW HITPOINT WARNING * * *
You feel extremely sick.
The blink frog gives a loud, deep croak!
The cane toad stings you!
* * * LOW HITPOINT WARNING * * *
You die...

##.....>....# ***
* ##..........#
##...........#
#.......F....#
##............#
#.......#.....#
#.......#F....#
##......#.#..## ,
#.....@.F...# ,
#......#F...# *
#............# , ,
,........#.....#
** ,,
,,......:.#.......
* *
*#............###.
, ##.....##....# *
* , *#....# P....#
** , , ** ,** **


You could see 2 cane toads.

Vanquished Creatures
  A stone giant (D:10)
  A yaktaur captain (D:10)
  Harold (D:7)
  A deep elf knight (D:10)
  Nergalle (D:10)
  A skeletal warrior (D:10)
  Pikel (D:5)
  Joseph (D:7)
  Maggie (D:8)
  A komodo dragon (D:10)
  A tengu conjurer (D:10)
  A troll (D:10)
  A hornet (D:9)
  Grinder (D:6)
  A blink frog (Lair:1)
  Prince Ribbit (D:7)
  Sigmund (D:4)
  A shadow (D:9)
  25 yaks
  A wyvern (D:8)
  A steam dragon (D:10)
  An acid dragon (D:10)
  A water moccasin (D:6)
  5 orc warriors
  3 ice beasts
  A black bear (D:5)
  A sky beast (D:8)
  An ogre (D:6)
  2 centaurs
  4 bullfrogs
  A wyvern zombie (D:9)
  A water moccasin zombie (D:5)
  4 electric eels (D:9)
  A howler monkey (D:10)
  A hound (D:5)
  A bullfrog skeleton (D:6)
  10 orc priests
  A gnoll shaman (D:5)
  A jelly (D:4)
  An iguana (D:4)
  Terence (D:2)
  11 orc wizards
  A killer bee zombie (D:6)
  2 hound skeletons
  2 howler monkey zombies
  Robin (D:4)
  2 adders
  19 gnolls
  A shadow imp (D:7)
  2 white imps
  3 ufetubi
  A worm (D:3)
  5 dart slugs
  51 orcs
  6 bats
  2 endoplasms
  2 giant cockroaches (D:1)
  6 hobgoblins
  2 jackals (D:1)
  5 kobolds
  3 quokkas
  7 ball pythons
  3 frilled lizards
  11 goblins
  5 rats
240 creatures vanquished.

Vanquished Creatures (others)
  A wizard (D:10)
  2 goblins (D:4)
  32 plants
35 creatures vanquished.

Grand Total: 275 creatures vanquished

Notes
Turn   | Place    | Note
-------+----------+-------------------------------------------
     0 | D:1      | Strat the Deep Dwarf Fighter began the quest for the Orb.
     0 | D:1      | Reached XP level 1. HP: 20/20 MP: 1/1
   102 | D:1      | Reached XP level 2. HP: 22/27 MP: 2/2
   420 | D:2      | Reached skill level 3 in Axes
   420 | D:2      | Reached XP level 3. HP: 25/33 MP: 3/3
   659 | D:2      | Noticed Terence
   687 | D:2      | Killed Terence
   688 | D:2      | Reached XP level 4. HP: 36/42 MP: 4/4
   746 | D:2      | Found a faded altar of an unknown god.
   978 | D:3      | Reached skill level 4 in Axes
   978 | D:3      | Reached XP level 5. HP: 15/49 MP: 4/4
  1149 | D:4      | You fall into a shaft and drop 3 floors!
  1170 | D:5      | Entered Level 5 of the Dungeon
  1181 | D:4      | Noticed Robin
  1280 | D:5      | Noticed a black bear
  1305 | D:5      | Killed a black bear
  1306 | D:5      | Reached XP level 6. HP: 48/57 MP: 5/5
  1331 | D:5      | Reached skill level 5 in Axes
  1349 | D:5      | Noticed an ice beast
  1373 | D:4      | Noticed Sigmund
  1377 | D:4      | Killed Sigmund
  1378 | D:4      | Reached XP level 7. HP: 40/64 MP: 6/6
  1405 | D:4      | Reached skill level 5 in Armour
  1405 | D:4      | Reached skill level 5 in Shields
  1471 | D:4      | Killed Robin
  1603 | D:4      | Reached skill level 6 in Axes
  1816 | D:5      | Noticed Pikel
  1835 | D:5      | Killed Pikel
  1836 | D:5      | Reached skill level 7 in Axes
  1836 | D:5      | Reached XP level 8. HP: 25/73 MP: 6/6
  1869 | D:5      | Reached skill level 5 in Fighting
  2060 | D:6      | Reached skill level 8 in Axes
  2271 | D:6      | Found a sparkling altar of Nemelex Xobeh.
  2271 | D:6      | Noticed Grinder
  2281 | D:6      | Paralysed by Grinder for 4 turns
  2288 | D:6      | Killed Grinder
  2436 | D:6      | Reached skill level 9 in Axes
  2502 | D:7      | Gained mutation: You passively map the area around you.
                  | [Deep Dwarf growth]
  2502 | D:7      | Reached XP level 9. HP: 54/82 MP: 6/6
  2523 | D:7      | Found a staircase to the Ecumenical Temple.
  2530 | Temple   | Entered the Ecumenical Temple
  2569 | Temple   | Became a worshipper of Makhleb the Destroyer
  2661 | D:7      | Noticed Joseph
  2681 | D:7      | Killed Joseph
  2690 | D:7      | Found a shimmering blue altar of Sif Muna.
  2749 | D:7      | Noticed Harold
  2752 | D:7      | Noticed Prince Ribbit
  2767 | D:7      | Killed Harold
  2768 | D:7      | Reached skill level 10 in Axes
  2859 | D:7      | Killed Prince Ribbit
  3007 | D:8      | Reached * piety under Makhleb
  3075 | D:8      | Found Weqoc's Weapon Shoppe.
  3138 | D:8      | Identified a scroll of acquirement
  3138 | D:8      | Acquired a +1 broad axe of electrocution
  3197 | D:8      | Noticed Maggie
  3209 | D:8      | Reached XP level 10. HP: 31/92 MP: 4/4
  3211 | D:8      | Reached skill level 11 in Axes
  3215 | D:8      | Killed Maggie
  3650 | D:9      | Reached ** piety under Makhleb
  3811 | D:9      | Found a glowing golden altar of the Shining One.
  4006 | D:9      | Reached skill level 12 in Axes
  4053 | D:10     | Entered Level 10 of the Dungeon
  4167 | D:10     | Found a staircase to the Lair.
  4249 | D:10     | Reached XP level 11. HP: 68/103 MP: 4/4
  4435 | D:10     | Reached skill level 13 in Axes
  4435 | D:10     | Reached skill level 10 in Armour
  4540 | D:10     | Reached *** piety under Makhleb
  4562 | D:10     | Noticed Nergalle
  4638 | D:10     | Noticed a skeletal warrior
  4639 | D:10     | Found a runed translucent door.
  4645 | D:10     | Killed a skeletal warrior
  4654 | D:10     | Noticed a yaktaur captain
  4662 | D:10     | Killed a yaktaur captain
  4671 | D:10     | Noticed a wizard
  4682 | D:10     | Noticed a stone giant
  4682 | D:10     | Killed a wizard
  4686 | D:10     | Identified the +1 leather armour "Higy" {rF- Dex+7}
  4686 | D:10     | Noticed a deep elf knight
  4699 | D:10     | Killed a stone giant
  4700 | D:10     | Reached skill level 14 in Axes
  4701 | D:10     | Killed a deep elf knight
  4764 | D:10     | Killed Nergalle
  4821 | Lair:1   | Entered Level 1 of the Lair of Beasts
  4880 | Lair:1   | Succumbed to a cane toad's poison

Illustrated notes

Levels and vault maps discovered:
D:1:      roderic_crop_circles_arrival_small, layout_basic
D:2:      layout_loops_ring, chequers_ecumenical_altar_simple, uniq_terence
D:3:      layout_rooms
D:4:      layout_basic, serial_bayou_pond_a, uniq_sigmund, uniq_robin
D:5:      layout_loops_corners, kennysheep_generic_room_13, uniq_pikel
D:6:      layout_loops_ring, nemelex_xobeh_ov_fountains_minmay, uniq_grinder
D:7:      layout_cave_pools, mainiacjoe_overflow_big_doors,
          minmay_temple_entry_grid, uniq_harold, uniq_joseph,
          uniq_crazy_yiuf_cottage, uniq_prince_ribbit1
D:8:      layout_rooms, serial_shops, nicolae_shop_statue_plus, uniq_maggie
D:9:      layout_loops_ring, nicolae_tso_carved_into_rock, disabler_island
D:10:     layout_loops_ring, david_lair_shrubbed, grunt_ogre_cave, minivault_13,
          uniq_nergalle
Temple:   dpeg_five_rooms_temple
Lair:1:   layout_gridlike

Skill      XL: |  1  2  3  4  5  6  7  8  9 10 11 |
---------------+----------------------------------+-----
Axes           | 3 4 5 7 9 10 12 14 | 14.6
Fighting       | 3 4 5 6 8 9 |  9.4
Shields        | 4 5 |  5.0
Armour         | 4 6 7 8 9 10 | 10.0

Action                   |  1- 3 |  4- 6 |  7- 9 | 10-12 || total
-------------------------+-------+-------+-------+-------++-------
Melee: War axe           |   111 |   119 |   320 |       ||   550
       Broad axe         |       |       |    17 |   264 ||   281
 Fire: Hunting sling     |       |       |     3 |       ||     3
 Abil: Heal Wounds       |     1 |    10 |    16 |    11 ||    38
Evoke: Wand              |       |       |     6 |     3 ||     9
  Use: Scroll            |       |     9 |     5 |     6 ||    20
       Potion            |       |       |     2 |     3 ||     5
 Stab: Invisible         |       |       |       |     4 ||     4
Armor: Scale mail        |    67 |    64 |   122 |     9 ||   262
       Chain mail        |       |       |       |    78 ||    78
Dodge: Dodged            |    31 |    80 |   115 |    85 ||   311
Block: Kite shield       |    59 |     6 |       |       ||    65
       Buckler           |       |    19 |    99 |    49 ||   167
